 Dungeon Crawl Stone Soup version 0.28.0-62-gf88900778d (webtiles) character file.

Game seed: 4495944183748839495

3075564 jjjjhere the Conqueror (level 27, 273/273 HPs)
             Began as a Hill Orc Berserker on Mar 13, 2023.
             Was the Champion of Trog.
             Escaped with the Orb
             ... and 5 runes on Mar 16, 2023!
             The game lasted 02:47:22 (73417 turns).

jjjjhere the Conqueror (Hill Orc Berserker)        Turns: 73417, Time: 02:47:23

Health: 273/273    AC: 55    Str: 30    XL:     27
Magic:  23/23      EV: 12    Int: 11    God:    Trog [******]
Gold:   6411       SH: 30    Dex: 11    Spells: 26/26 levels left

rFire   + . .      SeeInvis +   K - +6 broad axe (vamp)
rCold   + + .      Faith    .   A - +8 tower shield "Utsal" {rElec Int+4 Dex-3 Slay+5}
rNeg    . . .      Spirit   +   n - +12 gold dragon scales
rPois   +          Reflect  .   r - +0 mask of the Dragon {Will+ Slay+3 SInv}
rElec   +          Harm     .   z - +2 cloak
rCorr   +          Rampage  .   b - +3 pair of gauntlets of War {Slay+5}
Will    +++++      Rage     1%  j - +1 pair of boots {Stlth+}
Stlth   ..........              M - amulet of guardian spirit
HPRegen 0.55/turn               a - ring of the Albatross {rC+ Will+ Slay+2}
MPRegen 0.18/turn               Z - ring of Ascent {rCorr AC+4}

@: studying 2 skills
A: talons 1, iridescent scales 1, berserk 1, deterioration 1, strong-willed 1,
screaming 1
0: Orb of Zot
}: 5/15 runes: decaying, serpentine, slimy, silver, abyssal
a: Renounce Religion, Berserk, Trog's Hand, Brothers in Arms


You escaped.
You worshipped Trog.
Trog was exalted by your worship.
You visited 10 branches of the dungeon, and saw 53 of its levels.
You visited the Abyss 6 times.
You also visited: Bailey and Ice Cave.

You collected 9557 gold pieces.
You spent 3146 gold pieces at shops.

Inventory:

Hand Weapons
 F - a +6 antimagic broad axe
 K - a +6 vampiric broad axe (weapon)
Missiles
 g - 4 silver javelins
 p - 9 boomerangs (quivered)
 H - 5 silver boomerangs
 L - 24 curare-tipped darts
 Q - 29 atropa-tipped darts
Armour
 b - the +3 pair of gauntlets of War (worn) {Slay+5}
   (You acquired it on level 5 of the Dungeon)

   Slay:      It affects your accuracy & damage with ranged weapons and melee
   (+5).
 j - a +1 pair of boots of stealth (worn)
 n - +12 gold dragon scales (worn)
 q - the +1 helmet "Epsith" {rF+ Regen+}
   (You found it on level 3 of the Dungeon)

   rF:        It protects you from fire.
   Regen:     It increases your rate of health regeneration.
 r - the +0 mask of the Dragon (worn) {Will+ Slay+3 SInv}
   (You bought it in a shop on level 1 of the Depths)

   Slay:      It affects your accuracy & damage with ranged weapons and melee
   (+3).
   SInv:      It lets you see invisible.
   Will:      It increases your willpower.
 z - a +2 cloak (worn)
 A - the +8 tower shield "Utsal" (worn) {rElec Int+4 Dex-3 Slay+5}
   (You acquired it on level 5 of the Pits of Slime)

   Int:       It affects your intelligence (+4).
   Dex:       It affects your dexterity (-3).
   Slay:      It affects your accuracy & damage with ranged weapons and melee
   (+5).
   rElec:     It insulates you from electricity.
 T - the +10 tower shield of Ignorance {rN+ Int-4}
   (You found it on level 15 of the Dungeon)

   Int:       It affects your intelligence (-4).
   rN:        It protects you from negative energy.
Jewellery
 a - the ring of the Albatross (left hand) {rC+ Will+ Slay+2}
   (You found it on level 3 of the Elven Halls)

   [ring of protection from cold]

   Slay:      It affects your accuracy & damage with ranged weapons and melee
   (+2).
   rC:        It protects you from cold.
   Will:      It increases your willpower.
 c - a ring of positive energy
 f - a ring of protection from cold
 h - a ring of see invisible
 x - a ring of flight
 M - an amulet of guardian spirit (around neck)
 S - the ring of the Hare {EV+8}
   (You took it off a deep elf knight on level 3 of the Elven Halls)

   [ring of evasion]

   EV:        It affects your evasion (+8).
 Z - the ring of Ascent (right hand) {rCorr AC+4}
   (You took it off a tengu reaver on level 5 of the Vaults)

   [ring of protection]

   AC:        It affects your AC (+4).
   rCorr:     It protects you from acid and corrosion.
Wands
 i - a wand of charming (25)
 v - a wand of paralysis (45)
 y - a wand of digging (14)
 N - a wand of acid (12)
 P - a wand of iceblast (45)
 R - a wand of mindburst (10)
Scrolls
 d - 18 scrolls of teleportation
 k - a scroll of summoning
 l - 10 scrolls of fog
 B - 9 scrolls of blinking
 X - 4 scrolls of magic mapping
 Y - 10 scrolls of fear
Potions
 e - 2 potions of resistance
 m - 19 potions of ambrosia
 o - 33 potions of curing
 t - 11 potions of heal wounds
 u - 4 potions of might
 C - 6 potions of magic
 D - 15 potions of flight
 E - 6 potions of invisibility
 G - 6 potions of cancellation
 V - 4 potions of haste
 W - 2 potions of mutation
Miscellaneous
 s - a box of beasts
 w - a phial of floods
 I - a tin of tremorstones (2/2)
 J - a lightning rod (4/4)
 O - a condenser vane
 U - a phantom mirror


   Skills:
 O Level 27 Fighting
 - Level 18.0 Axes
 + Level 22.5 Throwing
 + Level 24.3 Armour
 - Level 17.0 Dodging
 - Level 24.0 Shields
 + Level 14.5 Evocations


You had 26 spell levels left.
You didn't know any spells.
Your spell library was empty.

Dungeon Overview and Level Annotations

Branches:
Dungeon (15/15) Temple (0/1) D:5 D:6 Lair (6/6) D:9 Swamp (4/4) Lair:3 Snake (4/4) Lair:2 Slime (5/5) Lair:5 Orc (2/2) D:10 Elf (3/3) Orc:2 Vaults (5/5) D:13 Crypt (0/3) Vaults:3 Depths (4/4) D:15 Zot (5/5) Depths:4 Bailey (visited) IceCv (visited)

Altars:
Ashenzari
Cheibriados
Gozag
Hepliaklqana
Kikubaaqudgha
Nemelex Xobeh
Okawaru
Trog
Uskayaw
Vehumet
Wu Jian
Xom
Yredelemnul
Zin
The Shining One
Beogh
Jiyva
Lugonu

Shops:
D:1 [   D:8 !   D:10 [   D:11 [   D:12 [   Orc:1 [   Orc:2 ([[*=   Elf:1 (
Snake:3 (   Vaults:3 [   Zot:3 *   Depths:1 :(?[*   Depths:2 :

Portals:
Hell: Depths:1 Depths:2 Depths:3 Depths:4
Abyss: Lair:6 Depths:2 Depths:3
Pandemonium: Depths:2
Ziggurat: Depths:3

Annotations:
D:4 3 runed translucent doors, CasualKingEmy's ghost, amateur MiFi
Lair:3 1 runed translucent door
Snake:3 Roxanne
Snake:4 1 runed translucent door, Jingleheimer's ghost, adept TrMo
Elf:2 5 runed translucent doors
Depths:1 exclusion: downstairs
Zot:3 3 runed translucent doors, exclusion: obsidian statue, Lagoeb's ghost, legendary DjSu


Innate Abilities, Weirdness & Mutations

You have sharp toenails.
You are partially covered in iridescent scales. (AC +2)
You tend to lose your temper in combat.
Your body sometimes deteriorates upon taking damage.
You are strong-willed. (Will+)
You occasionally shout uncontrollably at your foes.


Message History

You climb upwards.
Level annotation: 3 runed translucent doors, CasualKingEmy's ghost, amateur MiFi
There is a stone staircase leading down here.
There is a stone staircase leading up here.
You climb upwards.
There is a stone staircase leading down here.
A rakshasa and a giant cockroach come into view.
Unknown command.
The rakshasa moves out of view.
The rakshasa weaves an illusion.
The giant cockroach shimmers and seems to become two!
The rakshasa blinks!
The rakshasa weaves an illusion.
There is a stone staircase leading up here.
You climb upwards.
There is a stone staircase leading down here.
(D) Dungeon (T) Temple (L) Lair (S) Swamp (P) Snake Pit (M) Slime Pits (O) Orcish Mines (E) Elven Halls (V) Vaults (C) Crypt (U) Depths (H) Hell (Z) Zot
Where to? (Enter - D:1 @ (x,y), ? - help)
There is a stone staircase leading up here.
You climb upwards.
There is a stone staircase leading down here.
Magic restored.
You enter the shallow water.
Moving in this stuff is going to be slow.
A sun demon comes into view.
There is a staircase leading out of the dungeon here.
Enter note: so i never did a orc berserker before i guess
Enter note: is pretty much easy mode
Enter note: had a great helmet and plate early on
There is a staircase leading out of the dungeon here.
Enter note: but mvp gauntlets of war
Enter note: and like 7 acquire scrolls - most of which were meh
Enter note: but like look at all this slay!
Enter note: had the shield of ignorance but this thing is even better
Enter note: only one close call in zot 5 getting tormented and -Scroll'd
Enter note: not much rN+ sadly You have escaped!

## #........## #.# #.#
#≈≈##.......# #.# #.#
#≈≈3≈≈≈≈≈..## #.# #.#
#≈≈≈≈≈≈≈≈≈≈####.# #.#
#####..≈≈≈≈≈≈##.#####.#
#.3..#≈≈≈##..†....#
##...###≈##########
#..## ## # #@## ###


You could see a sun demon.

Vanquished Creatures
  the Royal Jelly (Slime:5)
  5 ancient liches
  4 dread liches
  3 orbs of fire
  Boris (twice) (Vaults:2 Vaults:4)
  Frederick (Depths:3)
  5 curse toes
  Margery (Depths:3)
  6 Killer Klowns
  Saint Roka (Vaults:1)
  Vashnia (Snake:4)
  Xtahua (Depths:3)
  14 golden dragons
  Nikola (Lair:2)
  A shard shrike zombie (Abyss:2)
  5 electric golems
  A bone dragon (Abyss:2)
  2 hellephants (Abyss:3)
  2 Ice Fiends
  2 liches
  12 tentacled monstrosities
  A walking earthen tome (Depths:3)
  26 Orb Guardians
  4 deep elf blademasters
  6 titans
  3 quicksilver dragons
  2 deep elf master archers (Elf:3)
  26 acid blobs
  10 death cobs
  2 tentacled starspawn
  An Executioner (Zot:4)
  Gastronok (Lair:3)
  5 sphinxes
  12 storm dragons
  Kirke (Snake:4)
  9 tengu reavers
  8 draconian monks
  8 shadow dragons
  13 rockslimes
  8 azure jellies
  4 fenstrider witches
  A nagaraja (Snake:4)
  9 fire giants
  7 draconian knights
  5 frost giants
  3 deep elf sorcerers
  15 vault wardens
  An iron dragon (Depths:4)
  6 draconian scorchers
  2 spectral caustic shrikes (Depths:2)
  A balrug (Depths:4)
  5 deep elf elementalists (Elf:3)
  A cacodemon (Depths:2)
  5 draconian shifters
  7 orc warlords
  A spriggan defender (Depths:1)
  A ghost moth (Zot:3)
  18 ironbound preservers
  8 draconian stormcallers
  A reaper (Depths:4)
  14 quicksilver oozes
  3 ghouls
  An angel (Abyss:3)
  12 stone giants
  9 ironbound thunderhulks
  30 very ugly things
  5 war gargoyles
  13 draconian annihilators
  The ghost of Hulashix the Severer, a journeyman MiBe of Trog (Elf:1)
  9 vampire knights
  A caustic shrike skeleton (Depths:2)
  Nessos (Orc:1)
  3 eleionomae
  6 deep elf demonologists
  13 green draconians
  17 black draconians
  2 spark wasps
  12 dire elephants
  21 white draconians
  An entropy weaver (shapeshifter) (D:13)
  17 red draconians
  9 deep elf annihilators (Elf:3)
  5 bunyips
  5 entropy weavers
  12 purple draconians
  15 yellow draconians
  A merfolk javelineer (Depths:2)
  A crystal guardian (Vaults:4)
  An ettin (shapeshifter) (Vaults:4)
  A blizzard demon (Depths:4)
  8 deep elf death magi
  4 fire dragons
  A shambling mangrove (Swamp:1)
  7 ettins
  12 ice dragons
  2 jiangshi (Depths:3)
  16 yaktaur captains
  6 deep elf high priests
  15 great orbs of eyes
  35 vault guards
  A rakshasa (Depths:2)
  3 boulder beetles
  2 salamander tyrants (Snake:4)
  4 caustic shrike simulacra (IceCv)
  5 ogre magi
  A ghost crab (Swamp:4)
  The ghost of jjjjhere the Brawler, a journeyman VSFi of Hepliaklqana (Lair:2)
  Harold (D:8)
  13 naga warriors
  6 peacekeepers
  A radroach (D:13)
  2 alligators (Swamp:1)
  A catoblepas (D:13)
  9 centaur warriors
  13 ironbound frosthearts
  12 two-headed ogres
  A two-headed ogre (shapeshifter) (Vaults:2)
  5 spriggan air magi
  12 hydras
  3 tengu warriors
  16 anacondas
  23 dancing weapons
  6 thrashing horrors
  5 hell hogs (Depths:4)
  11 death yaks
  2 vampire magi
  13 deep troll earth magi
  4 spriggan berserkers
  3 shock serpents
  2 soul eaters (Depths:4)
  14 hell knights
  15 naga sharpshooters
  A storm dragon zombie (Depths:2)
  12 deep elf knights
  3 sun demons (Depths:4)
  8 large abominations
  4 orc high priests
  6 salamander mystics
  10 iron trolls
  2 shadow wraiths (Depths:4)
  11 skeletal warriors
  2 golden dragon zombies (Depths:2)
  3 goliath frogs
  2 spatial maelstroms (Abyss:3)
  4 wretched stars (Abyss:3)
  2 spriggan druids (Swamp:1)
  64 deep trolls
  An obsidian statue (IceCv)
  A shadow demon (Zot:4)
  14 sea snakes
  A flayed ghost (Abyss:1)
  4 glowing orange brains
  18 deep elf archers
  4 naga ritualists
  2 swamp dragons
  A tengu zombie (Depths:2)
  A glowing orange brain (shapeshifter) (Vaults:5)
  13 ironbound convokers
  9 bog bodies
  10 lindwurms
  10 phantasmal warriors
  30 orc knights
  2 tengu skeletons (Depths:2)
  28 deep elf pyromancers
  7 wizards
  A harpy (shapeshifter) (Lair:6)
  8 mana vipers
  4 harpies (Vaults:2)
  10 necromancers
  4 shining eyes
  24 deep elf zephyrmancers
  53 ugly things
  7 will-o-the-wisps
  A wolf spider (shapeshifter) (Vaults:4)
  5 orc sorcerers
  2 cyclopes
  A frost giant zombie (Depths:2)
  4 manticores
  34 salamanders
  A frost giant skeleton (Depths:2)
  A moth of wrath (shapeshifter) (Vaults:4)
  12 elephants
  34 moths of wrath
  A toenail golem (Zot:2)
  6 guardian serpents (Snake:4)
  An elephant (shapeshifter) (Depths:4)
  18 vault sentinels
  21 black mambas
  15 naga magi
  4 eyes of devastation
  7 smoke demons
  3 ice statues
  2 rust devils
  Maurice (D:8)
  10 cane toads
  4 gargoyles
  An unseen horror (shapeshifter) (D:15)
  Psyche (D:8)
  An unseen horror (D:7)
  3 rime drakes (Lair:2)
  A kobold demonologist (D:11)
  2 hellions (Abyss:3)
  40 yaktaurs
  A spark wasp simulacrum (Depths:2)
  5 tengu conjurers
  2 ancient zymes
  22 freezing wraiths
  12 komodo dragons
  5 ice devils
  A tormentor (Zot:2)
  7 anaconda simulacra
  A queen bee (Lair:5)
  A red devil (Depths:2)
  A polar bear (shapeshifter) (Lair:6)
  3 meliai
  A golden dragon simulacrum (IceCv)
  8 trolls
  A bloated husk (Swamp:1)
  7 tyrant leeches
  A queen bee (shapeshifter) (D:15)
  A tyrant leech (shapeshifter) (Vaults:4)
  A polar bear (Lair:6)
  5 raiju (Abyss:3)
  A tarantella (Vaults:2)
  7 hornets
  24 blink frogs
  124 slime creatures
  17 dream sheep
  2 centaur simulacra
  5 starcursed masses (Abyss:1)
  A shadow (D:11)
  3 vampires
  3 wraiths
  7 ynoxinuls
  8 spriggans
  8 water elementals
  A dire elephant simulacrum (IceCv)
  An air elemental (Elf:1)
  2 hogs (Snake:4)
  Eustachio (D:6)
  4 fire bats (Lair:4)
  7 fire elementals
  A golden eye (Abyss:4)
  A wyvern (Lair:4)
  3 chaos spawn
  2 catoblepas simulacra (Lair:2)
  3 redbacks (Vaults:2)
  A redback (shapeshifter) (D:13)
  16 basilisks
  3 steam dragons
  64 yaks
  13 vampire mosquitoes
  A basilisk (shapeshifter) (Lair:6)
  2 neqoxecs (Abyss:3)
  4 swamp worm simulacra (Swamp:4)
  6 spatial vortices (Abyss:3)
  12 swamp worms
  5 wargs
  29 nagas
  An acid dragon (D:11)
  5 harpy simulacra (IceCv)
  23 water moccasins
  3 hell hounds
  A floating eye (Depths:3)
  17 small abominations
  15 hydra simulacra
  2 swamp drakes
  3 ettin simulacra
  59 orc warriors
  2 ice beasts
  3 sky beasts (D:5)
  2 black bears
  5 alligator simulacra (IceCv)
  6 ogres
  A black mamba simulacrum (Depths:1)
  19 centaurs
  A fire dragon simulacrum (Depths:1)
  20 wolves
  3 phantoms
  12 kobold brigands
  11 bullfrogs
  2 scorpions (D:4)
  A cane toad simulacrum (Lair:2)
  2 wyvern skeletons
  2 deep troll simulacra (IceCv)
  A water moccasin skeleton (D:7)
  A lindwurm simulacrum (IceCv)
  23 killer bees
  5 electric eels
  3 howler monkeys
  2 lava snakes
  A quasit (Abyss:1)
  A bullfrog zombie (D:6)
  4 centaur zombies
  A jelly (D:5)
  A water moccasin simulacrum (Lair:2)
  3 hounds
  25 orc priests
  2 centaur skeletons (D:7)
  2 gnoll shamans (D:7)
  3 iron imps
  4 iguanas
  20 orc wizards
  7 hell rats (Lair:5)
  2 troll simulacra (Depths:1)
  3 bullfrog simulacra (Lair:2)
  A hound skeleton (D:4)
  2 howler monkey zombies
  4 adders
  8 gnolls (D:7)
  A howler monkey skeleton (D:7)
  2 naga simulacra (Depths:1)
  A shadow imp (D:6)
  2 white imps (D:7)
  4 swamp drake simulacra (Swamp:4)
  An ufetubus (D:6)
  A worm (D:2)
  5 dart slugs
  90 orcs
  An endoplasm (D:1)
  5 giant cockroaches
  18 goblins
  10 hobgoblins
  3 jackals (D:1)
  32 kobolds
  3 quokkas
  9 ball pythons
  2 bats (D:1)
  12 frilled lizards
  7 rats
  4 starspawn tentacles (Abyss:2)
2554 creatures vanquished.

Vanquished Creatures (collateral kills)
  Mennas (Vaults:1)
  A sphinx (Vaults:4)
  A nagaraja (Snake:4)
  2 vault wardens (Vaults:4)
  An ironbound preserver (Vaults:5)
  A bunyip (Swamp:1)
  A crystal guardian (Vaults:4)
  A yaktaur captain (Vaults:4)
  An alligator (Swamp:1)
  Sonja (Lair:6)
  A bog body (IceCv)
  2 deep trolls (Vaults:4)
  A salamander (Snake:4)
  7 yaktaurs (Vaults:4)
  A meliai (Lair:5)
  A tyrant leech (Swamp:1)
  3 hornets (Swamp:1)
  2 redbacks (Vaults:4)
  An acid dragon (D:7)
  A water moccasin (Lair:6)
  A killer bee (Lair:5)
32 creatures vanquished.

Vanquished Creatures (others)
  A dread lich (Zot:5)
  A fire giant (Vaults:5)
  A draconian knight (Zot:1)
  A yellow draconian (Zot:4)
  A deep elf high priest (Elf:3)
  A spriggan air mage (Depths:2)
  An alligator (Swamp:4)
  A deep elf knight (Elf:2)
  A soul eater (Depths:4)
  A deep troll (Vaults:3)
  A deep elf archer (Elf:1)
  2 quicksilver dragon simulacra (Depths:4)
  A wizard (Vaults:3)
  A will-o-the-wisp (Swamp:4)
  A rime drake (Lair:2)
  A bloated husk (Swamp:1)
  A hornet (Swamp:1)
  2 spriggans (Swamp:1)
  A human (Snake:4)
  A warg (Orc:2)
  A spatial vortex (Abyss:3)
  A swamp worm (Swamp:1)
  2 ettin simulacra (Depths:4)
  3 killer bees (Lair:5)
  A quasit (Abyss:3)
  2 orcs (Orc:2)
  18 foxfires
  53 fungi
  73 plants
  7 starspawn tentacles
  2 withered plants (Snake:4)
185 creatures vanquished.

Grand Total: 2771 creatures vanquished

Notes
Turn   | Place    | Note
-------+----------+-------------------------------------------
     0 | D:1      | jjjjhere the Hill Orc Berserker began the quest for the
                  | Orb.
     0 | D:1      | Reached XP level 1. HP: 19/19 MP: 1/1
   232 | D:1      | Reached XP level 2. HP: 12/27 MP: 2/2
   538 | D:1      | Reached skill level 4 in Fighting
   645 | D:1      | Found Ceec's Antique Armour Emporium.
   828 | D:1      | Reached skill level 5 in Axes
   909 | D:1      | Reached XP level 3. HP: 26/33 MP: 3/3
  1506 | D:2      | Found a faded altar of an unknown god.
  1649 | D:2      | Found a hide-covered altar of Uskayaw.
  1659 | D:2      | Reached ** piety under Trog
  2008 | D:2      | Reached XP level 4. HP: 18/41 MP: 4/4
  2010 | D:2      | HP: 13/41 [poisoned by a kobold]
  2015 | D:2      | HP: 9/41 [poisoned by a kobold]
  2616 | D:3      | Identified the +1 helmet "Epsith" {rF+ Regen+}
  3293 | D:4      | Reached XP level 5. HP: 44/44 MP: 5/5
  3338 | D:4      | Noticed CasualKingEmy's ghost (amateur MiFi)
  3338 | D:4      | Noticed a water moccasin
  3339 | D:4      | Found a runed translucent gate.
  3343 | D:4      | Found a runed translucent gate.
  3343 | D:4      | Found a runed translucent gate.
  3396 | D:4      | Reached skill level 5 in Fighting
  3521 | D:4      | Found a shimmering altar of Xom.
  3587 | D:4      | Reached XP level 6. HP: 49/56 MP: 6/6
  3927 | D:4      | Found a broken altar of Ashenzari.
  4338 | D:5      | Entered Level 5 of the Dungeon
  4360 | D:5      | Noticed a sky beast
  4376 | D:5      | Killed a sky beast
  4377 | D:5      | Reached skill level 6 in Fighting
  4435 | D:5      | Reached XP level 7. HP: 57/63 MP: 7/7
  4448 | D:5      | Found a staircase to the Ecumenical Temple.
  4545 | D:5      | HP: 4/63 [ogre/+0 giant spiked club (23)]
  4663 | D:5      | Found a snail-covered altar of Cheibriados.
  5143 | D:5      | Reached skill level 10 in Axes
  5376 | D:5      | Identified a scroll of acquirement
  5376 | D:5      | Acquired the +3 pair of gauntlets of War {Slay+5}
  5376 | D:5      | Found the +3 pair of gauntlets of War {Slay+5}
  5406 | D:6      | Reached skill level 7 in Fighting
  5406 | D:6      | Reached XP level 8. HP: 69/73 MP: 8/8
  5822 | D:6      | Reached *** piety under Trog
  5989 | D:6      | Reached skill level 8 in Fighting
  6038 | D:6      | Noticed Eustachio
  6044 | D:6      | Killed Eustachio
  6277 | D:7      | Reached XP level 9. HP: 73/82 MP: 9/9
  6291 | D:7      | Found an ancient bone altar of Kikubaaqudgha.
  6292 | D:7      | Found a glowing golden altar of the Shining One.
  6292 | D:7      | Found an ornate altar of the Wu Jian Council.
  6293 | D:7      | Found a hide-covered altar of Uskayaw.
  6469 | D:7      | Found a sparkling altar of Nemelex Xobeh.
  6626 | D:7      | Reached skill level 1 in Shields
  6651 | D:7      | Noticed a five-headed hydra
  6664 | D:7      | Killed an unseen horror
  6665 | D:7      | Reached skill level 9 in Fighting
  6730 | D:7      | Reached **** piety under Trog
  6872 | D:7      | Noticed a manticore
  6887 | D:7      | Killed a manticore
  6888 | D:7      | Reached skill level 10 in Fighting
  6888 | D:7      | Reached XP level 10. HP: 76/93 MP: 10/10
  7084 | D:7      | Killed a five-headed hydra
  7085 | D:7      | Reached skill level 11 in Fighting
  7085 | D:7      | Reached skill level 5 in Armour
  8339 | D:8      | Noticed Harold
  8472 | D:8      | Found Qiloff's Distillery.
  8489 | D:8      | Killed Harold
  8490 | D:8      | Reached skill level 12 in Fighting
  8525 | D:8      | Bought a potion of curing for 48 gold pieces
  8560 | D:8      | Noticed Psyche
  8580 | D:8      | Killed Psyche
  8642 | D:8      | Noticed Maurice
  8654 | D:8      | Killed Maurice
  8655 | D:8      | Reached XP level 11. HP: 105/105 MP: 11/11
  9459 | D:9      | Noticed a two-headed ogre
  9467 | D:9      | Killed a two-headed ogre
  9468 | D:9      | Reached skill level 13 in Fighting
  9636 | D:9      | Noticed a death yak
  9657 | D:9      | Killed a death yak
  9658 | D:9      | Reached skill level 1 in Throwing
  9677 | D:9      | Found a staircase to the Lair.
  9678 | D:9      | Noticed a death yak
  9678 | D:9      | Noticed a death yak
  9679 | D:9      | Noticed a death yak
  9679 | D:9      | Noticed a death yak
  9766 | D:8      | Killed a death yak
  9809 | D:9      | Killed a death yak
  9895 | D:9      | Reached ***** piety under Trog
 10053 | D:9      | Noticed a death yak
 10074 | D:9      | Killed a death yak
 10086 | D:9      | Killed a death yak
 10091 | D:9      | Killed a death yak
 10092 | D:9      | Reached skill level 14 in Fighting
 10660 | Lair:1   | Entered Level 1 of the Lair of Beasts
 10676 | D:9      | Reached skill level 5 in Throwing
 10676 | D:9      | Reached XP level 12. HP: 117/117 MP: 12/12
 10681 | Lair:1   | Noticed a six-headed hydra
 10685 | Lair:1   | Reached skill level 10 in Armour
 10695 | Lair:1   | Killed a one-headed hydra
 10947 | Lair:1   | Identified the +4 broad axe of Akhoxuni {vorpal, Contam
                  | rPois rC+ Stlth+} (Trog gifted it to you on level 1 of the
                  | Lair of Beasts)
 10947 | Lair:1   | Received a gift from Trog
 11372 | Lair:2   | Noticed jjjjhere's ghost (journeyman VSFi)
 11694 | Lair:2   | Found a runed translucent gate.
 11792 | Lair:2   | Reached skill level 15 in Fighting
 12037 | Lair:2   | Found a runed translucent gate.
 12037 | Lair:2   | Found a runed translucent gate.
 12402 | Lair:2   | Reached XP level 13. HP: 127/127 MP: 13/13
 12403 | Lair:2   | Found a staircase to the Snake Pit.
 12881 | Lair:3   | Found a runed translucent door.
 13431 | Lair:3   | Noticed Gastronok
 13477 | Lair:3   | Killed Gastronok
 13553 | Lair:3   | You are sucked into a shaft and drop 2 floors!
 14412 | Lair:3   | Found a staircase to the Swamp.
 14770 | Lair:3   | Reached skill level 10 in Throwing
 14836 | Lair:4   | Received a gift from Trog
 14920 | Lair:4   | Reached skill level 16 in Fighting
 14944 | Lair:4   | Reached skill level 15 in Axes
 15502 | Lair:5   | Reached XP level 14. HP: 99/137 MP: 14/14
 15597 | Lair:5   | Found a staircase to the Slime Pits.
 15604 | Lair:5   | Found a viscous altar of Jiyva.
 16067 | Lair:6   | Entered Level 6 of the Lair of Beasts
 16068 | Lair:6   | Noticed Sonja
 16249 | Lair:6   | Cast into level 1 of the Abyss (Sonja)
 16416 | Abyss:1  | Noticed a lich
 16420 | Abyss:1  | Noticed a Hell Sentinel
 16464 | Abyss:1  | Noticed a starcursed mass
 16607 | Abyss:1  | Noticed a brown very ugly thing
 16617 | Abyss:1  | Killed a brown very ugly thing
 16671 | Abyss:1  | Found a corrupted altar of Lugonu.
 16791 | Abyss:1  | Noticed a starcursed mass
 16809 | Lair:6   | Escaped the Abyss
 16826 | Lair:6   | Killed Sonja
 17706 | Lair:6   | Received a gift from Trog
 18412 | Lair:6   | Found a corrupted altar of Lugonu.
 18412 | Lair:6   | Found a one-way gate to the infinite horrors of the Abyss.
 18782 | D:10     | Entered Level 10 of the Dungeon
 18832 | D:10     | Received a gift from Trog
 19045 | D:10     | Found Wovveo's Armour Shoppe.
 19045 | D:10     | Found a staircase to the Orcish Mines.
 19057 | D:10     | Reached XP level 15. HP: 145/145 MP: 15/15
 19095 | D:10     | Found a flagged portal.
 19107 | Bailey   | Entered a bailey
 19193 | Bailey   | Found a bloodstained altar of Trog.
 19746 | D:10     | Found a glowing silver altar of Zin.
 19813 | Orc:1    | Entered Level 1 of the Orcish Mines
 19939 | Orc:2    | Entered Level 2 of the Orcish Mines
 19939 | Orc:2    | Noticed Nessos
 20105 | Orc:2    | Noticed an orc warlord
 20131 | Orc:1    | Reached ****** piety under Trog
 20134 | Orc:1    | Killed an orc warlord
 20423 | Orc:1    | Received a gift from Trog
 20431 | Orc:1    | Killed Nessos
 20580 | Orc:2    | Found a roughly hewn altar of Beogh.
 20787 | Orc:2    | Noticed an orc warlord
 20821 | Orc:1    | Killed an orc warlord
 20822 | Orc:1    | Reached skill level 5 in Shields
 21244 | Orc:2    | Found a staircase to the Elven Halls.
 21292 | Orc:2    | Found Esohec's Armour Shop.
 21342 | Orc:2    | Received a gift from Trog
 21394 | Orc:2    | Found a roughly hewn altar of Beogh.
 21523 | Orc:2    | Found Ilih Yshity's General Store.
 21540 | Orc:2    | Found Peim's Antique Armour Shop.
 21684 | Orc:2    | Found Ecexutix's Jewellery Shop.
 21731 | Orc:2    | Found Saocihur's Antique Weapon Shop.
 21835 | D:10     | Bought the +5 plate armour "Weodeiku" {rElec rPois rC++
                  | Regen+ Str-3} for 1238 gold pieces
 23017 | D:12     | Found Lyucut's Armour Emporium.
 23100 | D:12     | Identified the +1 scale mail "Boso Ixui" {rC- Will++}
 23170 | D:12     | Received a gift from Trog
 23183 | D:12     | Reached skill level 1 in Evocations
 23345 | D:12     | You fall into a shaft and drop 2 floors!
 23414 | D:14     | Reached skill level 17 in Fighting
 23601 | D:14     | Found a frozen archway.
 23611 | IceCv    | Entered an ice cave
 23773 | IceCv    | Reached XP level 16. HP: 155/155 MP: 16/16
 24238 | IceCv    | Found an ancient bone altar of Kikubaaqudgha.
 24264 | IceCv    | Reached skill level 10 in Shields
 24507 | IceCv    | Noticed a lich
 24522 | IceCv    | Killed a lich
 24523 | IceCv    | Reached skill level 5 in Evocations
 24560 | IceCv    | Received a gift from Trog
 25097 | D:13     | Reached skill level 18 in Fighting
 25617 | D:13     | Paralysed by an orc sorcerer for 6 turns
 25750 | D:13     | Found a gate to the Vaults.
 26105 | Swamp:1  | Entered Level 1 of the Swamp
 26105 | Swamp:1  | Noticed a fenstrider witch
 26116 | Swamp:1  | HP: 51/158 [alligator[an alligator] (13)]
 26122 | Swamp:1  | HP: 35/158 [constriction (17)]
 26129 | Swamp:1  | HP: 51/158 [constriction (5)]
 26202 | Swamp:1  | Killed a fenstrider witch
 26218 | Swamp:1  | Received a gift from Trog
 26610 | Swamp:1  | Reached XP level 17. HP: 165/166 MP: 17/17
 27187 | Swamp:2  | Reached skill level 19 in Fighting
 27258 | Swamp:2  | Found a bloodstained altar of Trog.
 27706 | Swamp:3  | Received a gift from Trog
 27791 | Swamp:2  | Reached skill level 5 in Dodging
 28202 | Swamp:4  | Entered Level 4 of the Swamp
 28855 | Swamp:4  | Received a gift from Trog
 28956 | Swamp:4  | Got a decaying rune of Zot
 29109 | Snake:1  | Entered Level 1 of the Snake Pit
 29109 | Snake:1  | Noticed Nikola
 29303 | Lair:2   | Killed Nikola
 30324 | Snake:2  | Reached skill level 20 in Fighting
 30565 | Snake:2  | Reached XP level 18. HP: 178/178 MP: 18/18
 31318 | Snake:3  | Identified Roxanne's Guide on Stones
 31318 | Snake:3  | Noticed Roxanne
 31473 | Snake:3  | Found Taama's Firing Range.
 32130 | Snake:4  | Entered Level 4 of the Snake Pit
 32210 | Snake:4  | Received a gift from Trog
 32573 | Snake:4  | Reached skill level 15 in Shields
 32633 | Snake:4  | Found a runed translucent door.
 32634 | Snake:4  | Noticed Jingleheimer's ghost (adept TrMo)
 32788 | Snake:4  | HP: 57/180 [nagaraja/poison arrow (18)]
 32793 | Snake:4  | HP: 59/180 [poisoned by a nagaraja (poison arrow)]
 32803 | Snake:4  | Reached skill level 21 in Fighting
 33458 | Snake:4  | Received a gift from Trog
 33631 | Snake:4  | Noticed Kirke
 33642 | Snake:4  | Killed Kirke
 33949 | Snake:4  | Reached XP level 19. HP: 190/190 MP: 19/19
 34002 | Snake:4  | Noticed Vashnia
 34026 | Snake:4  | Killed Vashnia
 34069 | Snake:4  | Got a serpentine rune of Zot
 34335 | Vaults:1 | Entered Level 1 of the Vaults
 34645 | Vaults:1 | Received a gift from Trog
 34791 | Vaults:1 | Cast into level 2 of the Abyss (a wizard)
 34795 | Vaults:1 | Escaped the Abyss
 35173 | Vaults:1 | Noticed Saint Roka
 35292 | Vaults:1 | Killed Saint Roka
 35517 | Vaults:1 | Reached skill level 22 in Fighting
 35578 | Vaults:1 | Reached skill level 10 in Dodging
 35580 | Vaults:1 | Received a gift from Trog
 35791 | Vaults:1 | Identified the +0 chain mail of Instinct {rElec rF+ rCorr}
 36923 | Vaults:2 | Noticed Mennas
 37099 | Vaults:1 | Killed Mennas
 37294 | Vaults:2 | Received a gift from Trog
 37374 | Vaults:2 | Reached XP level 20. HP: 152/202 MP: 20/20
 37542 | Vaults:2 | Noticed Boris
 37591 | Vaults:2 | Reached skill level 23 in Fighting
 38147 | Vaults:2 | Killed Boris
 38482 | Vaults:2 | Received a gift from Trog
 38930 | Vaults:3 | Identified the +4 morningstar "Jidipn" {antimagic, *Rage
                  | rF++}
 39375 | Vaults:3 | Found Kyfumu's Armour Shoppe.
 39430 | Vaults:3 | Received a gift from Trog
 39764 | Vaults:3 | Reached skill level 24 in Fighting
 39767 | Vaults:3 | Found a staircase to the Crypt.
 39767 | Vaults:3 | Found an ancient bone altar of Kikubaaqudgha.
 39768 | Vaults:3 | Found a basalt altar of Yredelemnul.
 40154 | Vaults:4 | Noticed Boris
 40170 | Vaults:4 | HP: 64/206 [war gargoyle/+4 morningstar of protection[a
                  | peacekeeper] (23)]
 40175 | Vaults:4 | HP: 55/206 [crystal guardian/crystal bolt[a peacekeeper]
                  | (17)]
 40361 | Vaults:4 | Killed Boris
 40624 | Vaults:4 | Identified the +2 war axe "Heich" {vorpal, rPois} (Trog
                  | gifted it to you on level 4 of the Vaults)
 40624 | Vaults:4 | Received a gift from Trog
 40625 | Vaults:4 | Reached XP level 21. HP: 177/215 MP: 21/21
 40900 | Vaults:4 | Reached skill level 25 in Fighting
 40915 | Vaults:4 | Received a gift from Trog
 41620 | Vaults:4 | Received a gift from Trog
 42530 | D:15     | Entered Level 15 of the Dungeon
 43079 | D:15     | Received a gift from Trog
 43410 | D:15     | Found the +10 tower shield of Ignorance {rN+ Int-4}
 43532 | D:15     | Found a staircase to the Depths.
 43543 | Depths:1 | Entered Level 1 of the Depths
 43576 | Depths:1 | Reached skill level 26 in Fighting
 43625 | Depths:1 | Found a gateway to Hell.
 43795 | Depths:1 | Reached XP level 22. HP: 226/228 MP: 22/22
 43804 | Depths:1 | Found Izieta's Antique Armour Shoppe.
 43804 | Depths:1 | Found Noulol's Magic Scroll Emporium.
 43805 | Depths:1 | Found Teorr's Antique Weapon Emporium.
 43807 | Depths:1 | Found Etwaed's General Store.
 43822 | Depths:1 | Bought a potion of heal wounds for 80 gold pieces
 43825 | Depths:1 | Bought a glowing scarf for 344 gold pieces
 43945 | Depths:1 | Found a hazy altar of Hepliaklqana.
 44574 | Depths:2 | Found Jecef's Book Boutique.
 44699 | Depths:2 | HP: 61/227 [spriggan air mage/the air (23)]
 44705 | Depths:1 | HP: 55/227 [spriggan air mage/bolt of lightning[a spriggan
                  | defender] (4)]
 44714 | Depths:1 | HP: 71/227 [spriggan air mage/the air[a spriggan defender]
                  | (12)]
 45076 | Depths:2 | Received a gift from Trog
 45220 | Depths:2 | Reached skill level 27 in Fighting
 45870 | Depths:2 | Found a one-way gate leading to the halls of Pandemonium.
 45875 | Depths:2 | Received a gift from Trog
 46029 | Depths:3 | Found a one-way gateway to a ziggurat.
 46381 | Depths:3 | Noticed Margery
 46404 | Depths:3 | Killed Margery
 46884 | Depths:3 | Paralysed by a floating eye for 3 turns
 46941 | Depths:3 | Noticed a dread lich
 46953 | Depths:3 | Paralysed by a vampire knight for 7 turns
 47020 | Depths:2 | Killed a dread lich
 47021 | Depths:2 | Reached XP level 23. HP: 239/240 MP: 7/23
 47207 | Depths:3 | Paralysed by a great orb of eyes for 5 turns
 47694 | Depths:4 | Entered Level 4 of the Depths
 47694 | Depths:4 | Noticed Xtahua
 47710 | Depths:3 | Killed Xtahua
 47949 | Depths:4 | Noticed Frederick
 47986 | Depths:3 | Killed Frederick
 48091 | Depths:4 | Received a gift from Trog
 48568 | Depths:4 | Found a bloodstained altar of Trog.
 48956 | Depths:4 | Noticed a golden dragon
 49026 | Depths:3 | Killed a golden dragon
 49271 | Depths:4 | Found an iron altar of Okawaru.
 49753 | Depths:4 | Found a broken altar of Ashenzari.
 49911 | Depths:4 | Noticed a golden dragon
 49942 | Depths:4 | Killed a golden dragon
 49943 | Depths:4 | Reached skill level 15 in Armour
 50117 | Depths:4 | Found a gate to the Realm of Zot.
 50152 | Depths:4 | Found an opulent altar of Gozag.
 50175 | Depths:4 | Noticed a golden dragon
 50182 | Depths:4 | Killed a golden dragon
 50713 | Elf:1    | Entered Level 1 of the Elven Halls
 50730 | Orc:2    | Received a gift from Trog
 50892 | Elf:1    | Found a radiant altar of Vehumet.
 51016 | Elf:1    | Acquired a manual of Dodging
 51093 | Elf:1    | Paralysed by an air elemental for 1 turns
 51145 | Elf:1    | Reached XP level 24. HP: 241/249 MP: 22/23
 51175 | Elf:1    | Found a runed translucent door.
 51175 | Elf:1    | Noticed Hulashix's ghost (journeyman MiBe)
 51507 | Elf:1    | Received a gift from Trog
 51513 | Elf:1    | Identified the -1 helmet of Peek-a-Boo {-Tele Str+4}
 51795 | Elf:1    | Found Waniew's Weapon Boutique.
 52185 | Elf:1    | Found a roughly hewn altar of Beogh.
 52304 | Elf:1    | Killed Hulashix's ghost
 52521 | Elf:2    | Found a huge runed translucent gate.
 52521 | Elf:2    | Found a huge runed translucent gate.
 52521 | Elf:2    | Found a huge runed translucent gate.
 52521 | Elf:2    | Found a huge runed translucent gate.
 52521 | Elf:2    | Found a huge runed translucent gate.
 52819 | Elf:2    | Received a gift from Trog
 53090 | Elf:3    | Entered Level 3 of the Elven Halls
 53476 | Elf:3    | Reached skill level 15 in Throwing
 53837 | Elf:3    | Found a roughly hewn altar of Beogh.
 54206 | Elf:3    | Gained mutation: You sometimes lose the ability to read
                  | scrolls when taking damage. [a neqoxec]
 54233 | Elf:3    | Received a gift from Trog
 54551 | Elf:3    | Identified the ring of Sif Muna's Favour {rN+ Will- rCorr
                  | Str+4}
 54582 | Elf:3    | Identified the +5 pair of gloves "Ikusyf" {Rampage rN+
                  | Slay-4}
 54590 | Elf:3    | Identified the ring of the Albatross {rC+ Will+ Slay+2}
 54594 | Elf:3    | Identified the +1 battleaxe of the Dead {flame, Fragile
                  | Str+4 Int+6}
 54603 | Elf:3    | Identified the +3 ring mail "Busepoig" {rPois rF+ Int+3}
 55119 | Vaults:5 | Entered Level 5 of the Vaults
 55287 | Vaults:4 | Reached skill level 15 in Dodging
 55317 | Vaults:4 | Reached XP level 25. HP: 253/255 MP: 22/23
 55910 | Vaults:4 | Received a gift from Trog
 55976 | Vaults:5 | Identified the +10 halberd of Fuluv Tebics {venom, rF+}
 55976 | Vaults:5 | Identified the ring "Syfikh" {rC+ Str-5 Dex+7 SInv}
 56158 | Vaults:5 | Noticed an ancient lich
 56737 | Vaults:4 | Killed an ancient lich
 57101 | Vaults:5 | Got a silver rune of Zot
 57153 | Vaults:5 | Received a gift from Trog
 57294 | Vaults:5 | Identified the +7 glaive "Grum" {vamp, Contam rPois Will+
                  | Dex+3}
 57294 | Vaults:5 | Identified the ring of Ascent {rCorr AC+4}
 57402 | Vaults:5 | Noticed a dread lich
 57423 | Vaults:5 | Killed a dread lich
 57684 | Vaults:5 | Noticed a dread lich
 57695 | Vaults:5 | Killed a dread lich
 58875 | Slime:1  | Entered Level 1 of the Pits of Slime
 58917 | Slime:1  | Gained mutation: You are occasionally teleported next to
                  | monsters. [a shining eye]
 58918 | Slime:1  | Gained mutation: You have hidden genetic defects. [a
                  | shining eye]
 58950 | Slime:2  | Received a gift from Trog
 59228 | Slime:2  | Reached XP level 26. HP: 266/266 MP: 22/23
 59827 | Slime:4  | Gained mutation: You are dopey. (Int -2) [a shining eye]
 59828 | Slime:4  | Gained mutation: Your body sometimes deteriorates upon
                  | taking damage. [hidden defects]
 59843 | Slime:3  | Lost mutation: You sometimes lose the ability to read
                  | scrolls when taking damage. [potion of mutation]
 59843 | Slime:3  | Lost mutation: You have hidden genetic defects. [potion of
                  | mutation]
 59843 | Slime:3  | Lost mutation: Your body sometimes deteriorates upon taking
                  | damage. [potion of mutation]
 59843 | Slime:3  | Gained mutation: Your spells are a little harder to cast,
                  | but a little more powerful. [potion of mutation]
 59843 | Slime:3  | Gained mutation: You are strong-willed. (Will+) [potion of
                  | mutation]
 59844 | Slime:3  | Lost mutation: Your spells are a little harder to cast, but
                  | a little more powerful. [potion of mutation]
 59844 | Slime:3  | Lost mutation: You are dopey. (Int -2) [potion of mutation]
 59844 | Slime:3  | Gained mutation: You have hidden genetic potential. [potion
                  | of mutation]
 59844 | Slime:3  | Gained mutation: You tend to lose your temper in combat.
                  | [potion of mutation]
 59844 | Slime:3  | Gained mutation: You occasionally shout uncontrollably at
                  | your foes. [potion of mutation]
 59845 | Slime:3  | Lost mutation: You are occasionally teleported next to
                  | monsters. [potion of mutation]
 59845 | Slime:3  | Lost mutation: You have hidden genetic potential. [potion
                  | of mutation]
 59845 | Slime:3  | Lost mutation: You occasionally shout uncontrollably at
                  | your foes. [potion of mutation]
 59845 | Slime:3  | Gained mutation: You sometimes lose the ability to read
                  | scrolls when taking damage. [potion of mutation]
 59845 | Slime:3  | Gained mutation: You expend magic power (3 MP) to
                  | strengthen your wands. [potion of mutation]
 60009 | Slime:5  | Entered Level 5 of the Pits of Slime
 60045 | Slime:5  | Received a gift from Trog
 60470 | Slime:5  | Found a viscous altar of Jiyva.
 60470 | Slime:5  | Noticed the Royal Jelly
 60552 | Slime:5  | Killed the Royal Jelly
 60577 | Slime:5  | Identified the ring "Xasiom" {rC+ Will+++ Int-5}
 60635 | Slime:5  | Identified the +6 flail "Lus Iherr" {vorpal, *Slow rF++
                  | SInv Stlth+}
 60650 | Slime:5  | Acquired the +8 tower shield "Utsal" {rElec Int+4 Dex-3
                  | Slay+5}
 60672 | Slime:5  | Got a slimy rune of Zot
 60878 | Lair:2   | Killed jjjjhere's ghost
 61216 | Depths:2 | Voluntarily entered the Abyss.
 61414 | Abyss:3  | Found a corrupted altar of Lugonu.
 61536 | Abyss:3  | Gained mutation: You occasionally shout uncontrollably at
                  | your foes. [a neqoxec]
 61560 | Depths:2 | Escaped the Abyss
 61562 | Depths:2 | Voluntarily entered the Abyss.
 61615 | Abyss:2  | Found a corrupted altar of Lugonu.
 61792 | Depths:2 | Escaped the Abyss
 61794 | Depths:2 | Voluntarily entered the Abyss.
 61807 | Depths:2 | Escaped the Abyss
 61909 | Depths:2 | Voluntarily entered the Abyss.
 61970 | Abyss:3  | Found a corrupted altar of Lugonu.
 61993 | Abyss:3  | Found a corrupted altar of Lugonu.
 62014 | Abyss:3  | Reached skill level 10 in Evocations
 62014 | Abyss:3  | Reached XP level 27. HP: 261/262 MP: 19/23
 62014 | Abyss:3  | Got an abyssal rune of Zot
 62056 | Abyss:3  | Found a corrupted altar of Lugonu.
 62129 | Depths:2 | Escaped the Abyss
 62323 | Zot:1    | Entered Level 1 of the Realm of Zot
 63083 | Zot:1    | Acquired 344 gold pieces
 63390 | Zot:1    | Received a gift from Trog
 64512 | Depths:1 | Bought the +0 mask of the Dragon {Will+ Slay+3 SInv} for
                  | 1436 gold pieces
 64512 | Depths:1 | Found the +0 mask of the Dragon {Will+ Slay+3 SInv}
 64887 | Zot:2    | Noticed an orb of fire
 64887 | Zot:2    | You fall into a shaft and drop 2 floors!
 64925 | Zot:4    | Acquired 783 gold pieces
 65061 | Zot:4    | Received a gift from Trog
 65298 | Zot:2    | Killed an orb of fire
 66218 | Zot:3    | Found a runed translucent gate.
 66218 | Zot:3    | Found a runed translucent gate.
 66218 | Zot:3    | Found a runed translucent gate.
 66219 | Zot:3    | Found an opulent altar of Gozag.
 66241 | Zot:3    | Noticed Lagoeb's ghost (legendary DjSu)
 66488 | Zot:3    | Received a gift from Trog
 66959 | Zot:3    | Found Munot's Assorted Antiques.
 67888 | Zot:5    | Entered Level 5 of the Realm of Zot
 68133 | Zot:5    | Identified the +11 war axe of Ycwiy {vorpal, rN+++ Int-2
                  | Dex+4 Stlth+} (Trog gifted it to you on level 5 of the
                  | Realm of Zot)
 68133 | Zot:5    | Received a gift from Trog
 68914 | Zot:5    | Acquired a manual of Evocations
 69083 | Zot:5    | Noticed an ancient lich
 69095 | Zot:5    | Noticed a dread lich
 69099 | Zot:5    | Killed an ancient lich
 69109 | Zot:5    | Noticed a dread lich
 69116 | Zot:5    | Killed a dread lich
 69234 | Zot:5    | Killed a dread lich
 69497 | Zot:5    | Noticed an orb of fire
 69501 | Zot:5    | Gained mutation: Your body sometimes deteriorates upon
                  | taking damage. [an orb of fire]
 69519 | Zot:5    | Killed an orb of fire
 69655 | Zot:5    | Noticed an ancient lich
 69665 | Zot:5    | Killed an ancient lich
 69903 | Zot:5    | Received a gift from Trog
 70128 | Zot:5    | Noticed an ancient lich
 70131 | Zot:5    | HP: 56/273 [??? (52)]
 70586 | Zot:4    | Lost mutation: You expend magic power (3 MP) to strengthen
                  | your wands. [potion of mutation]
 70586 | Zot:4    | Lost mutation: You sometimes lose the ability to read
                  | scrolls when taking damage. [potion of mutation]
 70586 | Zot:4    | Gained mutation: You have sharp toenails. [potion of
                  | mutation]
 70586 | Zot:4    | Gained mutation: You are partially covered in iridescent
                  | scales. (AC +2) [potion of mutation]
 70698 | Zot:5    | Killed an ancient lich
 71279 | Zot:5    | Noticed an orb of fire
 71317 | Zot:5    | Killed an orb of fire
 71947 | Zot:5    | Noticed an ancient lich
 71958 | Zot:5    | Killed an ancient lich
 72651 | Zot:5    | Got the Orb of Zot
 72896 | Depths:4 | Noticed a juggernaut
 72978 | Depths:2 | Noticed Geetaidy the pandemonium lord
 73416 | D:1      | so i never did a orc berserker before i guess
 73416 | D:1      | is pretty much easy mode
 73416 | D:1      | had a great helmet and plate early on
 73416 | D:1      | but mvp gauntlets of war
 73416 | D:1      | and like 7 acquire scrolls - most of which were meh
 73416 | D:1      | but like look at all this slay!
 73416 | D:1      | had the shield of ignorance but this thing is even better
 73416 | D:1      | only one close call in zot 5 getting tormented and
                  | -Scroll'd
 73416 | D:1      | not much rN+ sadly
 73417 | D:$      | Escaped with the Orb!

Illustrated notes

## #........## #.# #.#
#≈≈##.......# #.# #.#
#≈≈3≈≈≈≈≈..## #.# #.#
#≈≈≈≈≈≈≈≈≈≈####.# #.#
#####3.≈≈≈≈≈≈##.#####.#
#....#≈≈≈##..†....#
##...###≈##########
#..## ## # #@## ###


Turn 73416 on D:1: so i never did a orc berserker before i guess

Levels and vault maps discovered:
D:1:      eino_arrival_cavern_b, layout_basic, serial_shops, nicolae_shop_stone
D:2:      layout_rooms, shapermc_ecumenical_altar_rom_forum, basic_altar
D:3:      minmay_angry_zag, layout_loops_ring, chequers_decorated_corner
D:4:      cheibrodos_greedy_goblins, layout_gridville, marbit_many_paths,
          amcnicky_altar_gilded, gammafunk_ghost_split, chequers_avenue
D:5:      layout_loops_ring, lemuel_round_altar, minmay_temple_entry_trees,
          minmay_lizard_king
D:6:      layout_loops_corners, uniq_eustachio
D:7:      minmay_the_grid_octo_triangle [minmay_the_grid_octo_fat_diamond,
          minmay_the_grid_octo_prize_star, minmay_the_grid_octo_chip],
          layout_basic, mainiacjoe_overflow_tiny_flanked,
          chequers_temple_overflow_statue_of_worship, columned_hall_lemuel
D:8:      layout_layer_cave, serial_shops, nicolae_shop_stone,
          serial_bayou_pond_d, uniq_maurice, uniq_psyche, uniq_harold
D:9:      layout_stronghold, dpeg_lair_monsters, minmay_misc_feat_x
D:10:     layout_roguey, mainiacjoe_overflow_alcove_2, orc_david_3,
          enter_bailey_3
D:11:     layout_stronghold, serial_glass, glass_columns_b, glass_columns_a
D:12:     layout_long_grid, serial_shops, nicolae_shop_behind_doors
D:13:     layout_roguey, grunt_vaults_entry_fortified, hangedman_decor_riveting,
          kennysheep_potato
D:14:     layout_loops_ring, portal_ice_cave_entry_pillars_1,
          hangedman_decor_push, evilmike_butchery
D:15:     gammafunk_enter_depths_forms, layout_cave_pods, minmay_three_doors
Lair:1:   layout_cave_shapes, grunt_megastairs_4
Lair:2:   layout_layer_cave, minmay_snake_entry_six_corridors,
          gammafunk_ghost_icy, lemuel_fruit_tree
Lair:3:   gammafunk_indiana_jones, layout_small_grid,
          nicolae_swamp_entry_splash_gauntlet, kennysheep_basilisk_garden,
          serial_bayou_shore_b, uniq_gastronok
Lair:4:   layout_gridlike, nicolae_quartered_pool_medium,
          chequers_serial_rivers_micro_e, grunt_megastairs_2
Lair:5:   layout_roguey [special_room_bee], slime_altar_1,
          gauntlet_entry_generic, serial_bayou_pond_c
Lair:6:   hellmonk_lair_end_abyssal_woods, layout_regular_city,
          lemuel_fruit_fields, grunt_megastairs_5, uniq_sonja
Swamp:1:  layout_basic_swamp, evilmike_swamp_ruin_rubble_2, swamp_pool2
Swamp:2:  layout_basic_swamp, evilmike_swamp_ruin_house_1,
          nicolae_swamp_godswood
Swamp:3:  layout_basic_swamp, evilmike_swamp_ruin_house_3,
          infiniplex_staircase_pool
Swamp:4:  swamp_icy, layout_basic_swamp, swamp_pool1,
          nicolae_swamp_well_well_well
Snake:1:  minmay_snake_river, layout_cave_shapes, uniq_nikola
Snake:2:  layout_basic, nicolae_snake_salamander_zone, serial_bayou_shore_a
Snake:3:  layout_grid_maze, st_stairs_7, nicolae_snake_snake_lake,
          nicolae_shop_firing_range, uniq_roxanne
Snake:4:  grunt_snake_rune_serpentine_throne, layout_gridlike,
          gammafunk_ghost_grave, drop_trap, uniq_kirke
Slime:1:  layout_caves
Slime:2:  layout_caves
Slime:3:  layout_caves, nicolae_slime_round_cave
Slime:4:  layout_caves
Slime:5
Orc:1:    layout_caves, basic_altar, serial_shops, shop_statue,
          guppyfry_library_mini, uniq_erolcha
Orc:2:    grunt_orc_cross, layout_caves, serial_shops, shop_fountains,
          nicolae_orc_stony_grotto, minmay_orc_temple_b, uniq_nessos
Elf:1:    nicolae_elf_arrival_fired_up, layout_geoelf_grid, basic_altar,
          special_room [special_room_orc], hellmonk_ghost_happy_afterlife,
          serial_shops, nicolae_shop_bloodbath_and_beyond, evilmike_minifort
Elf:2:    elven_hall_of_blades_hangedman_alternative [nicolae_blade_bullseye],
          layout_geoelf_diagonals
Elf:3:    minmay_elf_hall_circle, layout_loops_cross, special_room
          [special_room_orc], serial_glass, glass_columns_b, glass_columns_a,
          glass_columns_a, glass_columns_c, hex_tiny
Vaults:1: vaults_room_guarded_vault, v_rooms_6, nicolae_vaults_network_s,
          v_misc_26, nicolae_vaults_specimen_jars, ontoclasm_vaults_fault,
          vaults_dpeg_ring, vaults_room_grunt_arrival_ludios,
          ontoclasm_vaults_ring_small, layout_vaults_omnigrid, uniq_saint_roka
Vaults:2: nicolae_vaults_murderbox, v_pattern_4, nicolae_vaults_network_star,
          hangedman_vaults_slice, ontoclasm_vaults_eye, v_misc_24,
          ontoclasm_vaults_loading_screen, ontoclasm_vaults_chip, v_misc_11,
          v_misc_13, vaults_room_pools, vaults_room_hallway, layout_vaults_ring,
          uniq_boris, uniq_mennas
Vaults:3: hangedman_vaults_stitches, minmay_crypt_entry_necro_gods,
          nicolae_vaults_branching_niches, hangedman_vaults_slice,
          hangedman_vaults_hat, ontoclasm_vaults_ring_large,
          vaults_mumra_chevron_long, ontoclasm_vaults_hangar,
          vaults_room_door_ring, vaults_dpeg_hooks,
          nicolae_vaults_little_squares_4, nicolae_vaults_diagonal_hallway_6,
          vaults_room_semicircle, vaults_room_fours, v_misc_8,
          layout_vaults_maze_bifur, serial_shops, shop
Vaults:4: grunt_vaults_trifunnel, v_rooms_2, nicolae_vaults_network_quincunx
          [nicolae_vaults_network_quincunx_subvault,
          nicolae_vaults_network_quincunx_subvault,
          nicolae_vaults_network_quincunx_subvault,
          nicolae_vaults_network_quincunx_subvault,
          nicolae_vaults_network_quincunx_subvault], vaults_room_fours,
          nicolae_vaults_stairing_the_circle, v_misc_33, v_alt_pattern_3,
          vaults_dpeg_encased_lava, ontoclasm_vaults_gateway,
          vaults_dpeg_diagonal, layout_vaults_chaotic_city
Vaults:5
Depths:1: layout_gridville, hell_entry, nzn_hepliaklqana_mist_gate,
          hangedman_research_thermodynamics, minmay_shoptagon
Depths:2: kennysheep_six_static_rooms, layout_cave_pools,
          pf_hell_entry_tar_river, rand_demon_pan_entry_9, serial_shops,
          nicolae_stop_n_shop_1, abyss_entry_small_statue_room,
          minmay_misc_feat_nine_boxes, minmay_staircase_bubble
Depths:3: hellmonk_paralyzer, layout_gridlike, enter_ziggurat_b,
          nicolae_twisting_strands, abyss_entry_glasseish, hell_entry,
          minmay_misc_feat_encased, infiniplex_staircase_squiggle, uniq_margery
Depths:4: grunt_profane_halls [grunt_profane_temple_geh,
          grunt_profane_temple_tar, grunt_profane_temple_coc,
          grunt_profane_temple_dis, grunt_zot_portal], hell_entry, uniq_xtahua,
          uniq_frederick
Zot:1:    kennysheep_blocky_room, layout_basic
Zot:2:    layout_misc_corridors, grunt_megastairs_1, lemuel_elevator
Zot:3:    layout_misc_corridors, ebering_ghost_gozag, st_stairs_5,
          zot_minivault_1
Zot:4:    layout_cellular_growth
Zot:5:    layout_cathedral_of_symmetry, kennysheep_underground_church

Skill      XL: |  1  2  3  4  5  6  7  8  9 10 11 12 13 14 15 16 17 18 19 20 21 22 23 24 25 26 27 |
---------------+----------------------------------------------------------------------------------+-----
Fighting       | 4 5 6 7 8 10 12 14 15 16 17 18 20 21 22 24 26 27 | 27.0
Axes           | 5 6 7 8 10 12 14 15 17 18 | 18.0
Shields        | 3 9 12 13 15 17 19 21 23 24 | 24.0
Armour         | 3 7 9 11 12 13 15 17 24 | 24.3
Throwing       | 5 8 10 12 13 15 17 19 22 | 22.5
Evocations     | 3 6 8 9 10 14 | 14.5
Dodging        | 3 7 9 10 15 16 17 | 17.0

Action                   |  1- 3 |  4- 6 |  7- 9 | 10-12 | 13-15 | 16-18 | 19-21 | 22-24 | 25-27 || total
-------------------------+-------+-------+-------+-------+-------+-------+-------+-------+-------++-------
Melee: Hand axe          |   146 |   174 |   225 |   509 |   242 |       |       |       |       ||  1296
       Punch             |     1 |     2 |     3 |       |       |       |       |       |       ||     6
       Flail             |       |       |       |     6 |       |       |       |       |       ||     6
       War axe           |       |       |       |       |   442 |   127 |       |       |       ||   569
       Broad axe         |       |       |       |       |   581 |  1456 |  1581 |  2255 |  2104 ||  7977
Throw: Boomerang         |       |       |       |    11 |   193 |    90 |    48 |   124 |   408 ||   874
       Throwing net      |       |       |       |       |     1 |     2 |     1 |       |       ||     4
       Javelin           |       |       |       |       |       |     1 |     2 |       |     4 ||     7
Invok: Berserk           |       |     1 |     2 |     4 |     3 |       |     2 |     2 |     1 ||    15
       Trog's Hand       |       |       |       |     2 |     6 |     5 |     8 |     7 |    14 ||    42
       Brothers in Arms  |       |       |       |     1 |     2 |     5 |     5 |     1 |     1 ||    15
Evoke: Wand              |       |       |       |       |     5 |     3 |       |       |     1 ||     9
       Tin of tremorston |       |       |       |       |     2 |       |       |     3 |     2 ||     7
       Phantom mirror    |       |       |       |       |       |       |     1 |       |       ||     1
       Phial of floods   |       |       |       |       |       |       |     1 |       |       ||     1
       Condenser vane    |       |       |       |       |       |       |       |       |     3 ||     3
       Box of beasts     |       |       |       |       |       |       |       |       |     2 ||     2
  Use: Scroll            |       |       |    11 |    12 |    16 |     6 |     2 |     4 |    26 ||    77
       Potion            |       |       |       |       |     2 |     1 |     4 |       |    11 ||    18
 Stab: Distracted        |       |       |       |       |       |       |     3 |       |       ||     3
       Confused          |       |       |       |       |       |       |       |     2 |       ||     2
Armor: Chain mail        |    70 |    90 |   110 |    24 |       |       |       |       |       ||   294
       Plate armour      |       |       |       |   157 |   667 |   948 |   759 |   639 |   466 ||  3636
       Skin              |       |       |       |     1 |       |       |       |       |       ||     1
       Gold dragon scale |       |       |       |       |       |       |       |       |   344 ||   344
Dodge: Dodged            |    55 |    76 |    87 |   160 |   522 |   443 |   394 |   397 |   503 ||  2637
Block: Buckler           |       |       |    13 |    69 |   138 |       |       |       |       ||   220
       Kite shield       |       |       |       |       |   202 |   841 |   312 |       |       ||  1355
       Tower shield      |       |       |       |       |       |       |  1000 |  2621 |  2428 ||  6049
